[Event "Titled Tuesday Blitz November 15 Early 2022"]
[White "Volkov, Maksim"]
[Black "Timofeev, Artyom"]
[WhiteFideId "54123070"]
[BlackFideId "4140419"]
[WhiteElo "2257"]
[BlackElo "2586"]
[Result "1/2-1/2"]
[Round "08"]
[TimeControl "180+1"]
[Date "2022.11.15"]
[WhiteClock "0:00:13"]
[BlackClock "0:00:14"]

1. d4 d5 2. c4 e6 3. Nf3 c6 4. g3 dxc4 5. Bg2 b5 6. Ne5 Bb7 7. O-O Qc8 8. b3 cxb3 9. Qxb3 Nd7 10. Nd3 Ngf6 11. Nc3 Be7 12. Ba3 Bxa3 13. Qxa3 a5 14. Ne4 Nxe4 15. Bxe4 b4 16. Qb2 O-O 17. a3 bxa3 18. Rxa3 Qc7 19. Qc2 h6 20. Rfa1 Rfc8 21. Nc5 Nf6 22. Bf3 Nd5 23. Qd2 Nb4 24. Nb3 c5 25. Bxb7 Qxb7 26. Nxc5 Qb5 27. e3 e5 28. Nb3 exd4 29. Rxa5 Rxa5 30. Rxa5 dxe3 31. Qxe3 Qd7 32. Re5 Nd5 33. Qd4 Nf6 34. Qxd7 Nxd7 35. Re3 Nf6 36. Kg2 Nd5 1/2-1/2


[Site "https://www.chess.com"]

[Event "Titled Tuesday Blitz November 15 Early 2022"]
[White "Wirig, Anthony"]
[Black "Tanenbaum, Zachary"]
[WhiteFideId "615013"]
[BlackFideId "2060850"]
[WhiteElo "2487"]
[BlackElo "2175"]
[Result "1/2-1/2"]
[Round "08"]
[TimeControl "180+1"]
[Date "2022.11.16"]
[WhiteClock "0:00:15"]
[BlackClock "0:00:11"]

1. d4 d5 2. Nf3 Nf6 3. c4 dxc4 4. e3 Bg4 5. Bxc4 e6 6. h3 Bh5 7. Nc3 Nbd7 8. Qe2 Bb4 9. O-O O-O 10. Rd1 Qe7 11. e4 e5 12. d5 Rfd8 13. Bg5 h6 14. Bh4 Nc5 15. Bxf6 Qxf6 16. Nb5 a6 17. Nxc7 Rac8 18. d6 Bxf3 19. Qxf3 Qxf3 20. gxf3 Na4 21. Bb3 Nxb2 22. Rdc1 Nd3 23. Rc2 Nf4 24. Nd5 Rxc2 25. Bxc2 Nxd5 26. exd5 Rxd6 27. Rb1 a5 28. a3 Bxa3 29. Rxb7 Rxd5 30. Bb3 Rd3 31. Bxf7+ Kh7 32. h4 Rxf3 33. h5 Bc5 34. Bg6+ Kg8 35. Rb8+ Rf8 36. Rxf8+ Kxf8 37. Bc2 Ke7 38. Kg2 Kf6 39. Kg3 Kg5 40. Bd1 e4 41. Kg2 Kf4 42. Ba4 e3 43. fxe3+ Kxe3 44. Kg3 Bd4 45. Kg4 Bf6 46. Be8 Kd3 47. Kf3 Kc3 48. Ke2 Kb4 49. Kd2 a4 50. Kc2 a3 51. Bf7 Kb5 52. Kb3 Be7 53. Ka2 Bc5 54. Bg6 Kc6 55. Be8+ Kd5 56. Bg6 Kc4 57. Bf7+ Kd4 58. Bg6 Ke5 59. Kb3 Bd6 60. Ka2 Kd4 61. Kb3 Kd5 62. Ka2 Kc4 63. Bf7+ Kb4 64. Bg6 Bf8 65. Bf7 g5 66. hxg6 Bg7 67. Be6 h5 68. Bh3 h4 69. Bg4 Bf6 70. Bh3 Bg7 71. Bg4 Bf8 72. Bh3 Kc3 73. g7 Bxg7 74. Kxa3 Kd3 75. Bd7 h3 1/2-1/2


[Site "https://www.chess.com"]

[Event "Titled Tuesday Blitz November 15 Early 2022"]
[White "Xiong, Jeffery"]
[Black "Acor, Corey"]
[WhiteFideId "2047640"]
[BlackFideId "2024861"]
[WhiteElo "2725"]
[BlackElo "2340"]
[Result "1-0"]
[Round "08"]
[TimeControl "180+1"]
[Date "2022.11.15"]
[WhiteClock "0:00:52"]
[BlackClock "0:00:06"]

1. e4 e5 2. Nf3 Nc6 3. d4 exd4 4. Nxd4 Bc5 5. Nxc6 Qf6 6. Qf3 dxc6 7. Nc3 Qxf3 8. gxf3 Bd7 9. Rg1 g6 10. Bg5 Be7 11. Be3 Nf6 12. O-O-O a6 13. Bc4 O-O-O 14. e5 Nh5 15. Bxf7 Rhf8 16. e6 Be8 17. Bh6 Rh8 18. Ne4 Rd5 19. Ng3 Bg5+ 20. Bxg5 Rxg5 21. Rge1 Rd5 22. Rxd5 cxd5 23. Nxh5 gxh5 24. Re5 c6 25. Rxh5 Bxf7 26. exf7 Kd7 27. Rxh7 Rf8 28. Kd2 Ke6 29. Ke3 Rxf7 30. Rxf7 Kxf7 31. Kd4 Ke6 32. Kc5 Ke5 33. h4 Kf4 34. b4 1-0


[Site "https://www.chess.com"]

[Event "Titled Tuesday Blitz November 15 Early 2022"]
[White "Yaran, Siar"]
[Black "Samunenkov, Ihor"]
[WhiteFideId "6323006"]
[BlackFideId "14187086"]
[WhiteElo "2191"]
[BlackElo "2441"]
[Result "1-0"]
[Round "08"]
[TimeControl "180+1"]
[Date "2022.11.16"]
[WhiteClock "0:00:23"]
[BlackClock "0:00:13"]

1. e4 c5 2. Nf3 Nc6 3. d4 cxd4 4. Nxd4 Nf6 5. Nc3 e5 6. Ndb5 d6 7. Bg5 a6 8. Na3 b5 9. Nd5 Be7 10. Bxf6 Bxf6 11. c3 O-O 12. Nc2 Rb8 13. Bd3 Be6 14. Nce3 Bg5 15. O-O Ne7 16. a4 bxa4 17. Qe2 Bxe3 18. Nxe3 Qb6 19. Rfb1 Bb3 20. Bc4 Ra8 21. Ra3 Rfb8 22. Bxb3 axb3 23. Rba1 Qb7 24. Qd3 Rd8 25. c4 Rab8 26. Rxa6 Nc6 27. Nf5 Nb4 28. Qg3 g6 29. Ra7 Ra8 30. Rxa8 Rxa8 31. Rxa8+ Qxa8 32. h4 Qxe4 33. Nxd6 Qb1+ 34. Kh2 Qxb2 35. Qg5 1-0


[Site "https://www.chess.com"]

[Event "Titled Tuesday Blitz November 15 Early 2022"]
[White "Zacurdajev, Dmitry"]
[Black "Thiel, Thomas"]
[WhiteFideId "4196309"]
[BlackFideId "4615964"]
[WhiteElo "2179"]
[BlackElo "2238"]
[Result "1-0"]
[Round "08"]
[TimeControl "180+1"]
[Date "2022.11.16"]
[WhiteClock "0:01:44"]
[BlackClock "0:01:51"]

1. d4 Nf6 2. c4 g6 3. Nc3 d5 4. cxd5 Nxd5 5. e4 Nxc3 6. bxc3 Bg7 7. Nf3 c5 8. Be3 Qa5 9. Qd2 Nc6 10. Bc4 cxd4 11. cxd4 Qxd2+ 12. Kxd2 O-O 13. Rab1 Rd8 14. Kd3 Bg4 15. Bd5 Bxf3 16. gxf3 Nxd4 17. Bxd4 e6 18. Rxb7 exd5 19. Bxg7 Kxg7 20. e5 Rab8 21. Rxa7 Ra8 22. Rxa8 Rxa8 23. Ra1 Ra3+ 24. Kd4 Rxf3 25. a4 Rxf2 26. a5 Rb2 27. a6 Rb8 28. a7 Ra8 29. Kxd5 g5 30. Kc6 h5 31. Kb7 Re8 32. a8=Q Rxa8 33. Rxa8 1-0


[Site "https://www.chess.com"]

[Event "Titled Tuesday Blitz November 15 Early 2022"]
[White "Zaichenko, Daria"]
[Black "Sowul, Bartosz"]
[WhiteFideId "4197453"]
[BlackFideId "1137590"]
[WhiteElo "2039"]
[BlackElo "2188"]
[Result "0-1"]
[Round "08"]
[TimeControl "180+1"]
[Date "2022.11.16"]
[WhiteClock "0:00:02"]
[BlackClock "0:00:02"]

1. e4 c5 2. Nf3 d6 3. d4 cxd4 4. Nxd4 Nf6 5. Nc3 Nc6 6. Bc4 Qb6 7. Nb3 e6 8. Be3 Qc7 9. O-O a6 10. a4 b6 11. f4 Be7 12. Qe2 O-O 13. h3 Bb7 14. Qf2 Nd7 15. f5 Nce5 16. Be2 Nc5 17. Nxc5 bxc5 18. Qg3 Kh8 19. Bf4 Bf6 20. Qh2 c4 21. g4 exf5 22. g5 Qb6+ 23. Rf2 Bd8 24. exf5 Qxb2 25. Rb1 Qxc3 26. Rxb7 f6 27. h4 Qa1+ 28. Kg2 Qxa4 29. Bxe5 dxe5 30. Bf3 Rc8 31. g6 h6 32. Qg1 Qe8 33. Qd1 e4 34. Re2 Qe5 35. Rxe4 Qxf5 36. Rg4 Bc7 0-1


[Site "https://www.chess.com"]

[Event "Titled Tuesday Blitz November 15 Early 2022"]
[White "Zemlyanskii, Ivan"]
[Black "Donskov, Anatoly"]
[WhiteFideId "24249971"]
[BlackFideId "24143413"]
[WhiteElo "2107"]
[BlackElo "2219"]
[Result "1-0"]
[Round "08"]
[TimeControl "180+1"]
[Date "2022.11.16"]
[WhiteClock "0:00:46"]
[BlackClock "0:00:15"]

1. d4 d5 2. c4 dxc4 3. e3 e5 4. Bxc4 exd4 5. exd4 Nf6 6. Nf3 Be7 7. O-O O-O 8. Nc3 Nbd7 9. Re1 Nb6 10. Bb3 Bg4 11. h3 Bh5 12. g4 Bg6 13. Ne5 c6 14. f4 c5 15. f5 cxd4 16. Ne2 Bc5 17. Nf4 d3+ 18. Kg2 Qd4 19. fxg6 hxg6 20. Nfxd3 Bd6 21. Be3 Qe4+ 22. Qf3 Rae8 23. Qxe4 Nxe4 24. Nxg6 1-0


[Site "https://www.chess.com"]

[Event "Titled Tuesday Blitz November 15 Early 2022"]
[White "parintele_chess"]
[Black "Liu, Xiangyi"]
[BlackFideId "8605718"]
[WhiteElo "2217"]
[BlackElo "2323"]
[Result "0-1"]
[Round "08"]
[TimeControl "180+1"]
[Date "2022.11.16"]
[WhiteClock "0:01:45"]
[BlackClock "0:02:14"]

1. d4 Nf6 2. Bf4 g6 3. Nf3 Bg7 4. c3 d6 5. Nbd2 O-O 6. e4 Nbd7 7. Be2 b6 8. O-O Bb7 9. e5 Nh5 10. Be3 f5 11. exf6 Ndxf6 12. Ng5 Qd7 13. g4 h6 14. gxh5 hxg5 15. hxg6 Qh3 16. Bf3 Ng4 0-1


[Site "https://www.chess.com"]

[Event "Titled Tuesday Blitz November 15 Early 2022"]
[White "Abrahamyan, Tatev"]
[Black "Devaev, Alexander"]
[WhiteFideId "13301918"]
[BlackFideId "4169395"]
[WhiteElo "2347"]
[BlackElo "2225"]
[Result "0-1"]
[Round "09"]
[TimeControl "180+1"]
[Date "2022.11.16"]
[WhiteClock "0:00:12"]
[BlackClock "0:00:11"]

1. e4 c6 2. Nf3 d5 3. d3 Bg4 4. h3 Bh5 5. Nbd2 e6 6. g4 dxe4 7. dxe4 Bg6 8. Bg2 Nd7 9. Qe2 h5 10. Nb3 hxg4 11. hxg4 Rxh1+ 12. Bxh1 Qc7 13. Bd2 O-O-O 14. O-O-O Nc5 15. Nxc5 Bxc5 16. Nh4 Bh7 17. f4 Qb6 18. Nf3 f6 19. Kb1 Ne7 20. Bc1 Rxd1 21. Qxd1 Bxe4 22. Qe2 f5 23. Bg2 Nd5 24. Bd2 Be3 25. Ng5 Bxg2 26. Qxg2 Bxd2 27. Qxd2 Qg1+ 28. Qc1 Qxc1+ 29. Kxc1 Nxf4 30. gxf5 exf5 31. Kd2 Kd7 32. Ke3 Ne6 33. Nf3 Kd6 34. Nh4 Ke5 35. Nf3+ Kf6 36. Nd2 g5 37. Kf3 g4+ 38. Ke3 b5 39. Nb3 Ke5 40. Nd2 f4+ 0-1


[Site "https://www.chess.com"]

[Event "Titled Tuesday Blitz November 15 Early 2022"]
[White "Acor, Corey"]
[Black "Seemann, Jakub"]
[WhiteFideId "2024861"]
[BlackFideId "21874697"]
[WhiteElo "2340"]
[BlackElo "2275"]
[Result "1-0"]
[Round "09"]
[TimeControl "180+1"]
[Date "2022.11.16"]
[WhiteClock "0:00:11"]
[BlackClock "0:00:04"]

1. e4 e6 2. d3 d5 3. Nd2 Nf6 4. g3 c5 5. Bg2 Nc6 6. Ngf3 Be7 7. O-O Qc7 8. exd5 exd5 9. d4 c4 10. Re1 O-O 11. c3 Bf5 12. Ne5 Bd6 13. f4 Rad8 14. h3 Qc8 15. g4 Be4 16. Nxe4 Nxe4 17. Nxc4 Bb8 18. Ne3 Ne7 19. Nxd5 Nxd5 20. Bxe4 Nxc3 21. bxc3 Qxc3 22. Be3 Rfe8 23. Qd3 Qb4 24. Rab1 Qe7 25. Bxh7+ Kh8 26. Bf2 Qf6 27. Bf5 g6 28. Be4 Qxf4 29. Bg2 Rxe1+ 30. Rxe1 Rc8 31. d5 Bd6 32. Qd4+ Kg8 33. Qxf4 Bxf4 34. Bxa7 Bd6 35. Bd4 Ra8 36. Re2 Ra4 37. Bf6 Kf8 38. Bf1 Rf4 39. g5 Bc5+ 40. Kg2 b6 41. Rd2 Bd6 42. Bb5 Rd4 43. Rxd4 1-0


[Site "https://www.chess.com"]

[Event "Titled Tuesday Blitz November 15 Early 2022"]
[White "Adithya A Chullikkad"]
[Black "Gutkin, Ilya"]
[WhiteFideId "45078734"]
[BlackFideId "16203470"]
[WhiteElo "2106"]
[BlackElo "2265"]
[Result "1-0"]
[Round "09"]
[TimeControl "180+1"]
[Date "2022.11.16"]
[WhiteClock "0:02:16"]
[BlackClock "0:01:01"]

1. d4 e6 2. Bf4 Nf6 3. e3 c5 4. c3 Qb6 5. Qb3 Qxb3 6. axb3 b6 7. h3 Bb7 8. Nf3 d6 9. Be2 Be7 10. Nbd2 O-O 11. g4 Nc6 12. c4 cxd4 13. exd4 Nxd4 14. Nxd4 Bxh1 15. f3 e5 16. Nc6 Rfe8 17. Bg5 Bg2 18. Nxe7+ Rxe7 19. Bxf6 gxf6 20. Kf2 Bxh3 21. Kg3 Bxg4 22. Kxg4 Rd8 23. Ne4 Kg7 24. Ng3 Red7 25. Nh5+ Kh8 26. Nxf6 Re7 27. Rh1 Re6 28. Rxh7# 1-0


[Site "https://www.chess.com"]

[Event "Titled Tuesday Blitz November 15 Early 2022"]
[White "Andreikin, Dmitry"]
[Black "Pichot, Alan"]
[WhiteFideId "4158814"]
[BlackFideId "110973"]
[WhiteElo "2736"]
[BlackElo "2560"]
[Result "0-1"]
[Round "09"]
[TimeControl "180+1"]
[Date "2022.11.15"]
[WhiteClock "0:00:02"]
[BlackClock "0:00:28"]

1. c4 Nf6 2. Nc3 g6 3. e4 d6 4. d4 Bg7 5. Be2 O-O 6. Bg5 c5 7. d5 e6 8. Nf3 exd5 9. exd5 Bf5 10. O-O Re8 11. Nh4 Bd7 12. Bd3 h6 13. Bd2 Na6 14. Qc1 Nxd5 15. Nxd5 Qxh4 16. g3 Qd4 17. Qc2 Nb4 18. Bxb4 cxb4 19. Nc7 Qxb2 20. Qxb2 Bxb2 21. Rad1 Bc6 22. Nxa8 Rxa8 23. Rfe1 Bc3 24. Re3 Bd4 25. Ree1 Bc5 26. Be4 Kf8 27. Kf1 a5 28. Bxc6 bxc6 29. Ke2 a4 30. Rd3 Re8+ 31. Kf1 Rb8 32. Re2 Rb7 33. Ke1 Re7 34. Rxe7 Kxe7 35. Ke2 Ke6 36. f3 f5 37. Kd1 g5 38. Kc2 h5 39. Rd2 g4 40. Re2+ Kf6 41. fxg4 hxg4 42. Kd3 Kf7 43. Re1 Bb6 44. Rh1 Kg6 45. Rb1 Bc5 46. Re1 Kf7 47. Re2 Bb6 48. Rd2 Ke6 49. Rd1 Bc5 50. Rh1 Kf6 51. Rf1 Kg5 52. Kc2 Bd4 53. Rd1 c5 54. Re1 Be5 55. Re2 f4 56. gxf4+ Kxf4 57. Kd3 Kf3 58. Rd2 b3 59. axb3 axb3 60. Rd1 Bxh2 61. Rf1+ Kg2 62. Rf8 Be5 63. Rb8 b2 64. Ke2 g3 65. Rb7 Kh2 66. Kf3 g2 67. Rh7+ Kg1 68. Rb7 Kf1 69. Rh7 0-1


[Site "https://www.chess.com"]

[Event "Titled Tuesday Blitz November 15 Early 2022"]
[White "Aponte Ramos, Argimiro"]
[Black "Koridze, Lile"]
[WhiteFideId "3900568"]
[BlackFideId "13612514"]
[WhiteElo "2216"]
[BlackElo "2050"]
[Result "1-0"]
[Round "09"]
[TimeControl "180+1"]
[Date "2022.11.16"]
[WhiteClock "0:00:14"]
[BlackClock "0:01:07"]

1. e4 c5 2. Nf3 d6 3. Bb5+ Nd7 4. d4 cxd4 5. Qxd4 Nf6 6. O-O g6 7. e5 dxe5 8. Nxe5 Bg7 9. Nxd7 Bxd7 10. Bxd7+ Qxd7 11. Qxd7+ Nxd7 12. Re1 e6 13. c3 O-O 14. Be3 Ne5 15. Na3 a6 16. Rad1 Rfd8 17. Bd4 Nc6 18. Bxg7 Kxg7 19. Kf1 b5 20. Nc2 Na5 21. Ne3 Rac8 22. Rxd8 Rxd8 23. Ke2 Nc6 24. Rd1 Rxd1 25. Nxd1 Kf6 26. f4 e5 27. fxe5+ Kxe5 28. Nf2 f5 29. Nd3+ Ke4 30. Nc5+ Kd5 31. Nxa6 Kc4 32. h4 Ne7 33. Nb4 Nc8 34. Kd2 Nd6 35. b3+ Kc5 36. Ke3 Ne4 37. Kd3 Nf2+ 38. Ke3 Ne4 39. Nd3+ Kb6 40. c4 bxc4 41. bxc4 Nc3 42. Kd4 Nxa2 43. Ke5 Nc3 44. Kf6 Nd1 45. Kg7 Ne3 46. g3 Nf1 47. Kxh7 Nxg3 48. Kxg6 Kc6 49. h5 Nxh5 50. Kxh5 f4 51. Kg4 1-0


[Site "https://www.chess.com"]

[Event "Titled Tuesday Blitz November 15 Early 2022"]
[White "Arbunic Castro, Giovanna"]
[Black "Ricaurte Lopez, Juan Carlos"]
[WhiteFideId "3400549"]
[BlackFideId "3600327"]
[WhiteElo "1897"]
[BlackElo "2209"]
[Result "1-0"]
[Round "09"]
[TimeControl "180+1"]
[Date "2022.11.16"]
[WhiteClock "0:01:53"]
[BlackClock "0:01:02"]

1. e4 e5 2. d4 exd4 3. Qxd4 Nc6 4. Qe3 g6 5. Nc3 Bg7 6. Bd2 Nge7 7. O-O-O O-O 8. h4 h6 9. h5 g5 10. f4 gxf4 11. Qxf4 f5 12. Qg3 Kh8 13. Nf3 fxe4 14. Nxe4 Nf5 15. Qg6 d5 16. Neg5 Qe8 17. Qh7# 1-0


[Site "https://www.chess.com"]

[Event "Titled Tuesday Blitz November 15 Early 2022"]
[White "Avila Rodriguez, Joshua Ad"]
[Black "Marchesich, Giovanni"]
[WhiteFideId "5126444"]
[BlackFideId "2824790"]
[WhiteElo "2125"]
[BlackElo "2200"]
[Result "1/2-1/2"]
[Round "09"]
[TimeControl "180+1"]
[Date "2022.11.16"]
[WhiteClock "0:00:09"]
[BlackClock "0:00:40"]

1. e4 e5 2. Nf3 d5 3. Nxe5 Bd6 4. d4 dxe4 5. Nc4 Nf6 6. Be2 O-O 7. O-O Bf5 8. Nc3 Re8 9. Bg5 h6 10. Bh4 Nbd7 11. Bg3 Bxg3 12. hxg3 Nb6 13. Ne3 Bg6 14. a4 a5 15. Qd2 c6 16. Rad1 Qe7 17. g4 Red8 18. Nf5 Qb4 19. Qc1 Bxf5 20. gxf5 Rxd4 21. Rxd4 Qxd4 22. Rd1 Qe5 23. Qe3 Nbd5 24. Nxd5 Nxd5 25. Qb3 Qc7 26. Bc4 Rd8 27. Bxd5 cxd5 28. Rxd5 Rxd5 29. Qxd5 Qxc2 30. Qxb7 Qxa4 31. Qb8+ Kh7 32. Qe5 Qb4 33. g3 a4 34. Kg2 Qb7 35. Kh2 h5 36. f6 Qb6 37. Qxh5+ Kg8 38. fxg7 Qxf2+ 39. Kh3 Qf1+ 40. Kh2 Qf2+ 41. Kh3 Kxg7 42. Qg4+ Kf8 43. Qxe4 Qxb2 44. Qa8+ Kg7 45. Qxa4 Qe5 46. Qg4+ Kf8 47. Qc8+ Kg7 48. Qg4+ Kf6 49. Qh4+ Ke6 50. Qg4+ Kd5 51. Qd1+ Ke6 52. Qb3+ Ke7 53. Qb7+ Kf6 54. Qc6+ Kg5 55. Qc1+ Kg6 56. Qc2+ Kg7 57. Qd3 Qe6+ 58. Kg2 Qc6+ 59. Qf3 Qc2+ 60. Kh3 f6 61. Qg4+ Kf7 62. Qd7+ Kg6 63. Qg4+ Kh6 64. Qf4+ Kg7 65. Qg4+ Kf8 66. Qf4 Qh7+ 67. Kg4 Qg6+ 68. Kf3 Ke7 69. Qe3+ Kf7 70. Qa7+ Kg8 71. Qb8+ Kg7 72. Qc7+ Kh6 73. Qf4+ Kh7 74. Qh4+ Kg7 75. Qf4 Qd3+ 76. Kg2 Qe2+ 77. Kh3 Qe1 78. Qg4+ Kf7 79. Qh5+ Ke7 80. Qh7+ Kf8 81. Qh8+ Kf7 82. Qh7+ Kf8 83. Kg4 Qe2+ 84. Kh3 Qf1+ 85. Kg4 Qe2+ 86. Kh3 Qf1+ 87. Kg4 Qd1+ 88. Kf4 Qd2+ 89. Kf3 Qd1+ 90. Ke3 Qe1+ 91. Kf3 Qf1+ 92. Kg4 1/2-1/2


[Site "https://www.chess.com"]

[Event "Titled Tuesday Blitz November 15 Early 2022"]
[White "Bacrot, Etienne"]
[Black "Abdusattorov, Nodirbek"]
[WhiteFideId "605506"]
[BlackFideId "14204118"]
[WhiteElo "2666"]
[BlackElo "2665"]
[Result "1-0"]
[Round "09"]
[TimeControl "180+1"]
[Date "2022.11.15"]
[WhiteClock "0:00:10"]
[BlackClock "0:00:06"]

1. e4 e5 2. Nf3 Nc6 3. Bb5 a6 4. Ba4 Nf6 5. O-O Be7 6. Re1 b5 7. Bb3 d6 8. c3 O-O 9. h3 Na5 10. Bc2 c5 11. d4 Qc7 12. Nbd2 cxd4 13. cxd4 Nc6 14. a3 Bd7 15. Nb3 Rac8 16. Be3 Na5 17. Nxa5 Qxc2 18. dxe5 dxe5 19. Nxe5 Be8 20. Qxc2 Rxc2 21. Bd4 Bd7 22. Rac1 Rfc8 23. Rxc2 Rxc2 24. Nxd7 Nxd7 25. Kf1 Bc5 26. Rd1 h5 27. Bxc5 Nxc5 28. Rd8+ Kh7 29. Rc8 Rc1+ 30. Ke2 Rc2+ 31. Ke3 Rc1 32. Rc6 Re1+ 33. Kd2 Rf1 34. Ke2 Rc1 35. b4 Rc2+ 36. Ke3 Rc3+ 37. Kd4 Rxa3 38. Rxc5 Ra2 39. Rxh5+ Kg6 40. Rf5 f6 41. h4 Kf7 42. h5 Rb2 43. Kc5 Rc2+ 44. Kb6 Re2 45. f3 Rb2 46. Nc6 Ra2 47. g4 Ke6 48. g5 fxg5 49. Rxg5 Kf6 50. Rg6+ Kf7 51. e5 1-0


[Site "https://www.chess.com"]

[Event "Titled Tuesday Blitz November 15 Early 2022"]
[White "Barria Zuniga, Daniel"]
[Black "Narayanan, Srinath"]
[WhiteFideId "3400816"]
[BlackFideId "5018420"]
[WhiteElo "2414"]
[BlackElo "2459"]
[Result "1-0"]
[Round "09"]
[TimeControl "180+1"]
[Date "2022.11.16"]
[WhiteClock "0:00:55"]
[BlackClock "0:01:07"]

1. d4 Nf6 2. c4 e6 3. Nf3 d5 4. Nc3 Bb4 5. Qa4+ Nc6 6. e3 O-O 7. Bd2 Re8 8. Rd1 Bd7 9. Qc2 a6 10. h3 h6 11. Bc1 Bd6 12. a3 dxc4 13. Bxc4 e5 14. O-O e4 15. Nd2 Qe7 16. f3 exf3 17. Rxf3 b5 18. Nd5 Bh2+ 19. Kh1 Qd6 20. Nxf6+ gxf6 21. Qg6+ Kh8 22. Qxh6+ Kg8 23. Qg6+ Kh8 24. Qh5+ Kg7 25. Qxf7+ Kh8 26. Rxf6 bxc4 27. Qh5+ Kg8 28. Qg6+ Kh8 29. Qh6+ Kg8 30. Rg6+ Qxg6 31. Qxg6+ Kh8 32. Kxh2 Ne7 33. Qh6+ Kg8 34. Rf1 Rab8 35. Rf3 Rb6 36. Rg3+ Kf7 37. Rg7+ 1-0


[Site "https://www.chess.com"]

[Event "Titled Tuesday Blitz November 15 Early 2022"]
[White "Begunov, Konstantin"]
[Black "Aldokhin, Ivan"]
[WhiteFideId "4118510"]
[BlackFideId "24115720"]
[WhiteElo "2140"]
[BlackElo "2313"]
[Result "0-1"]
[Round "09"]
[TimeControl "180+1"]
[Date "2022.11.16"]
[WhiteClock "0:00:09"]
[BlackClock "0:00:44"]

1. d4 Nf6 2. c4 g6 3. f3 Bg7 4. e4 O-O 5. Nc3 c6 6. Be3 d5 7. cxd5 cxd5 8. e5 Nfd7 9. Nxd5 Nc6 10. Nc3 Nb6 11. Bb5 Nb4 12. Nge2 a6 13. a3 N4d5 14. Bf2 axb5 15. Nxb5 Nc4 16. Qb3 Na5 17. Qd1 Qb6 18. a4 Bd7 19. Nbc3 Be6 20. O-O Rfd8 21. Nb5 Rac8 22. b4 Nc4 23. Qd3 Bf5 24. Qb3 Nd2 25. Qb2 Rc2 26. Qa3 Nxf1 27. Kxf1 Qc6 28. g4 Qc4 29. Re1 Bd3 30. Kg2 Bxe2 31. Qa1 Qd3 32. Na3 Qxf3+ 33. Kg1 Nf4 34. Bg3 Nh3# 0-1


[Site "https://www.chess.com"]

[Event "Titled Tuesday Blitz November 15 Early 2022"]
[White "Besedes, Danilo"]
[Black "Tarasova, Viktoriya"]
[WhiteFideId "946796"]
[BlackFideId "4175840"]
[WhiteElo "2352"]
[BlackElo "2182"]
[Result "1-0"]
[Round "09"]
[TimeControl "180+1"]
[Date "2022.11.16"]
[WhiteClock "0:00:55"]
[BlackClock "0:00:01"]

1. d4 Nf6 2. Nc3 d5 3. Bf4 a6 4. e3 c5 5. Nf3 e6 6. Be2 Bd6 7. Ne5 O-O 8. O-O Qc7 9. Bg3 Nbd7 10. f4 b6 11. Bd3 Bb7 12. Bh4 c4 13. Be2 b5 14. Bf3 b4 15. Ne2 Ne4 16. Ng3 f6 17. Bxe4 dxe4 18. Qg4 f5 19. Qe2 Nb6 20. Nh5 a5 21. Kh1 Ba6 22. c3 bxc3 23. bxc3 Nd5 24. Rac1 g6 25. g4 gxh5 26. gxf5 Rxf5 27. Rg1+ Kh8 28. Rg2 Bxe5 29. dxe5 Rg8 30. Rcg1 Rxg2 31. Qxg2 Qf7 32. Qd2 h6 33. h3 Kh7 34. Kh2 Qf8 35. Qg2 Bb7 36. Qg6+ Kh8 37. Qxe6 Nxf4 38. exf4 Rxf4 39. Bf6+ Rxf6 40. exf6 e3 41. Qe7 Qb8+ 42. Rg3 h4 43. Qg7# 1-0


[Site "https://www.chess.com"]

[Event "Titled Tuesday Blitz November 15 Early 2022"]
[White "Bortnyk, Olexandr"]
[Black "Shimanov, Aleksandr"]
[WhiteFideId "14120828"]
[BlackFideId "4198603"]
[WhiteElo "2723"]
[BlackElo "2605"]
[Result "0-1"]
[Round "09"]
[TimeControl "180+1"]
[Date "2022.11.15"]
[WhiteClock "0:00:02"]
[BlackClock "0:00:08"]

1. e4 g6 2. d4 Bg7 3. Nf3 d6 4. Bc4 e6 5. Qe2 Ne7 6. O-O a6 7. c3 Nd7 8. a4 b6 9. Re1 Bb7 10. Nbd2 O-O 11. h4 c5 12. e5 dxe5 13. dxe5 Nc6 14. h5 Ncxe5 15. h6 Bh8 16. Bb3 b5 17. Ne4 c4 18. Bc2 Nxf3+ 19. Qxf3 Bd5 20. Qg3 Nf6 21. Ng5 Re8 22. Be3 Qe7 23. Rad1 Rad8 24. Bb6 Rd7 25. Qh4 Bc6 26. Bd4 Rd5 27. Nh3 Nh5 28. Qxe7 Rxe7 29. Bxh8 Kxh8 30. axb5 axb5 31. Be4 Rxd1 32. Rxd1 Be8 33. Rd8 Kg8 34. Rb8 f6 35. Bc6 Kf7 0-1


[Site "https://www.chess.com"]

[Event "Titled Tuesday Blitz November 15 Early 2022"]
[White "Broca Jimenez, Fernando"]
[Black "Seifert, Henryk"]
[WhiteFideId "5104742"]
[BlackFideId "1100963"]
[WhiteElo "2062"]
[BlackElo "2120"]
[Result "0-1"]
[Round "09"]
[TimeControl "180+1"]
[Date "2022.11.16"]
[WhiteClock "0:01:11"]
[BlackClock "0:00:53"]

1. e4 e6 2. d4 d5 3. exd5 exd5 4. Bd3 Nc6 5. Nf3 Bd6 6. Bg5 Nge7 7. O-O Bg4 8. c3 Qd7 9. Nbd2 O-O-O 10. Qc2 f6 11. Bh4 Bf5 12. Rfe1 Bxd3 13. Qxd3 Qf5 14. Qxf5+ Nxf5 15. Bg3 Bxg3 16. hxg3 h5 17. b4 Rde8 18. b5 Na5 19. Kf1 Kd7 20. Rxe8 Rxe8 21. Re1 Rxe1+ 22. Nxe1 g5 23. Nd3 b6 24. Ke2 Nd6 25. Nb2 Nxb5 26. Kd3 c5 27. Kc2 cxd4 28. c4 Na3+ 29. Kd3 dxc4+ 30. Ndxc4 N3xc4 31. Nxc4 Nxc4 32. Kxc4 b5+ 33. Kxd4 Kd6 34. f3 a5 35. a3 h4 36. g4 b4 37. axb4 axb4 38. Kc4 Ke5 39. Kxb4 Kf4 40. Kc3 Kg3 41. Kd3 Kxg2 42. Ke3 h3 43. f4 h2 44. fxg5 fxg5 45. Ke4 h1=Q 46. Kf5 Qh4 47. Kg6 Qxg4 48. Kh6 Qf4 49. Kg6 g4 0-1


[Site "https://www.chess.com"]

[Event "Titled Tuesday Blitz November 15 Early 2022"]
[White "Budrewicz, Krzysztof"]
[Black "Potapova, Margarita"]
[WhiteFideId "1127950"]
[BlackFideId "14126869"]
[WhiteElo "2187"]
[BlackElo "2272"]
[Result "1-0"]
[Round "09"]
[TimeControl "180+1"]
[Date "2022.11.16"]
[WhiteClock "0:00:13"]
[BlackClock "0:00:03"]

1. d4 Nf6 2. c4 e6 3. Nf3 d5 4. Nc3 dxc4 5. g3 c5 6. Bg2 Nc6 7. e3 cxd4 8. exd4 Be7 9. O-O O-O 10. Be3 a6 11. Ne5 Na5 12. Qe2 Nd7 13. Nxc4 Nxc4 14. Qxc4 Nb6 15. Qb3 Bf6 16. Rfd1 Bd7 17. Bxb7 Rb8 18. Bxa6 Na4 19. Qc2 Rxb2 20. Qd3 Qa5 21. Ne4 Be7 22. Bc4 Rbb8 23. Bb3 Bb5 24. Qd2 Bb4 25. Qc1 Be2 26. Re1 Bxe1 27. Qxe1 Qxe1+ 28. Rxe1 Bd3 29. Bf4 Ra8 30. Nc5 Nxc5 31. dxc5 Rfc8 32. Bd6 Bb5 33. f4 Bc6 34. f5 Bd5 35. fxe6 fxe6 36. Re3 Kf7 37. h4 h5 38. Rd3 Ra3 39. Kf2 Ra6 40. Ke3 Ra5 41. Rc3 Rc6 42. Kd4 Bxb3 43. axb3 Ra1 44. b4 Rd1+ 45. Kc4 Rb1 46. b5 Rc8 47. c6 e5 48. Bxe5 Ke6 49. Bf4 g6 50. Kc5 Ke7 51. c7 Ra1 52. b6 Ra5+ 53. Kc6 Rf5 54. Re3+ Kf7 55. b7 1-0


[Site "https://www.chess.com"]